Cogmind - Beta 14 @@@ ROGUE MODE // 2024.09.29 @ 12:05:16 Player: Minty Result: Destroyed by D-53 Grenadier with Mini Grenade Launcher Performance ------------- Evolutions (0) 0 Regions Visited (2) 400 Robots Destroyed (31) 155 Value Destroyed (566) 566 Prototype IDs (2) 40 Alien Tech Used (0) 0 Bonus (0) 0 TOTAL SCORE: 1161 Bonus ------- None Cogmind --------- Core Integrity 0/250 Matter 171/300 Energy 231/250 System Corruption 0% Temperature Cool (22) Movement Rolling (90) Location -10/Mines Parts ------- > --- POWER (1) -------- Ion Engine > --- PROPULSION (2) --- Wheel Compact Wheel > --- UTILITY (2) ------ Heat Sink Small Storage Unit > --- WEAPON (2) ------- Medium Laser Grenade Launcher > --- INVENTORY (8) ---- Light Ion Engine Heat Sink Medium Matter Pod (49) Sensor Array Sensor Array Medium Laser Light Cannon Grenade Launcher Peak State ------------ > --- POWER ------------ Ion Engine > --- PROPULSION ------- Aluminum Leg Aluminum Leg > --- UTILITY ---------- Small Storage Unit Sensor Array > --- WEAPON ----------- Medium Laser Medium Laser > --- INVENTORY -------- Light Ion Engine Light Ion Engine Light Treads Light Treads Wheel Compact Wheel Medium Laser [Rating: 7] Favorites ----------- Power Ion Engine Engine Ion Engine Propulsion Aluminum Leg Leg Aluminum Leg Wheel Wheel Utility Small Storage Unit Device Heat Sink Storage Small Storage Unit Weapon Medium Laser Energy Gun Medium Laser Ballistic Cannon Light Cannon Launcher Grenade Launcher Build | -11 -10 -10 ------- Run | Yrd Mat Min Slots Evolved . | . . . Power . | . . . Propulsion . | . . . Utility . | . . . Weapon . | . . . Parts Attached 15 | . 8 7 Power 2 | . 2 . Engine 2 | . 2 . Core . | . . . Reactor . | . . . Propulsion 2 | . 2 . Treads . | . . . Leg . | . . . Wheel 2 | . 2 . Hover . | . . . Flight . | . . . Utility 4 | . 2 2 Device 4 | . 2 2 Storage . | . . . Processor . | . . . Hackware . | . . . Protection . | . . . Artifact . | . . . Weapon 7 | . 2 5 Energy Gun 2 | . 1 1 Energy Cannon . | . . . Ballistic Gun . | . . . Ballistic Cannon 2 | . 1 1 Launcher 3 | . . 3 Special Weapon . | . . . Impact Weapon . | . . . Slashing Weapon . | . . . Piercing Weapon . | . . . Special Melee Weapon . | . . . Unidentified Prototypes . | . . . Parts Lost 4 | . 4 . Power 1 | . 1 . Propulsion 2 | . 2 . Utility . | . . . Weapon 1 | . 1 . Highest Loss Streak 4 | . 4 . To Critical Strikes . | . . . Average Slot Usage (%) 92 | . 90 100 Engine 13 | . 12 14 Leg 16 | . 21 . Wheel 10 | . 4 28 Device 8 | . 7 14 Storage 14 | . 14 14 Energy Gun 24 | . 27 14 Ballistic Cannon 2 | . . 11 Peak Build Rating 7 | 6 7 7 Average Rating 6 | 6 6 7 On Entrance 6 | 6 6 7 Naked Turns . | . . . Heaviest Build 17 | 12 15 17 Greatest Support 26 | 20 26 26 Greatest Overweight (x) . | . . . Average Overweight (x) . | . . . Largest Inventory Capacity 8 | 8 8 8 Average Capacity 8 | 8 8 8 Most Carried 8 | 6 8 8 Average Carried 7 | 6 7 8 Final Capacity 8 | 8 8 8 Final Carried 8 | 6 8 8 Class Distribution -------------------- 100% | Mutant Dominant Class ---------------- Mutant | -10/Materials Mutant | -10/Mines Resources | -11 -10 -10 ----------- Run | Yrd Mat Min Matter Collected 367 | 200 129 38 Remotely . | . . . Salvage Created 829 | . 655 174 Parts 42 | . 36 6 Haulers Intercepted . | . . . Recyclers Shooed 3 | . 1 2 Parts Field Recycled . | . . . Retrieved Matter . | . . . Parts Self-Destructed . | . . . Prevented . | . . . Kills | -11 -10 -10 ------- Run | Yrd Mat Min Combat Hostiles Destroyed 36 | . 16 20 Guns 15 | . 12 3 Cannons 4 | . 3 1 AOE 16 | . . 16 Classes Destroyed 8 | . 6 2 Worker 2 | . 2 . Builder 1 | . 1 . Recycler 1 | . . 1 Operator 3 | . 3 . Watcher 2 | . 2 . Swarmer 12 | . 6 6 Grunt 10 | . 10 . Assembled 14 | . . 14 Best Kill Streak 18 | . 6 18 Combat Bots Only 17 | . 4 17 Max Kills in Single Turn 9 | . 1 9 Gunslinging . | . . . Exploded 9 | . . 9 Melee . | . . . Uniques/NPCs Destroyed . | . . . Combat | -11 -10 -10 -------- Run | Yrd Mat Min Hostile Shots Fired 115 | . 83 32 Missed 29 | . 19 10 Damage Taken 946 | . 673 273 Core 255 | . 131 124 Absorbed by Shields . | . . . Core Remaining (%) 100 | 100 . . Volleys Fired 82 | . 67 15 Largest 2 | . 2 2 Hottest 100 | . 100 100 Shots Fired 164 | . 134 30 Gun 149 | . 128 21 Cannon 8 | . 6 2 Launcher 7 | . . 7 Special . | . . . Kinetic 8 | . 6 2 Thermal 149 | . 128 21 Explosive 7 | . . 7 Electromagnetic . | . . . Robot Hit Streak 15 | . 15 5 Robot Miss Streak 5 | . 4 5 Penetration Max . | . . . Secondary Targets 5 | . 4 1 Max Gunslinging Chain 1 | . 1 1 Shots Hit Robots 96 | . 81 15 Core Hits 78 | . 35 43 Critical Kills . | . . . Critical Parts Destroyed . | . . . Critical Strikes 10 | . 8 2 Burn 10 | . 8 2 Melee Attacks . | . . . Impact . | . . . Slashing . | . . . Piercing . | . . . Sneak Attacks . | . . . Combat Hostiles . | . . . Follow-up Attacks . | . . . Damage Inflicted 2304 | . 1124 1180 Guns 1182 | . 1034 148 Cannons 107 | . 89 18 Explosions 1014 | . . 1014 Melee . | . . . Ramming 1 | . 1 . Kinetic 107 | . 89 18 Thermal 1182 | . 1034 148 Explosive 1014 | . . 1014 Electromagnetic . | . . . Impact . | . . . Slashing . | . . . Piercing . | . . . Highest Corruption . | . . . Average Corruption . | . . . Corruption Purged . | . . . Corruption Blocked . | . . . Overload Shots . | . . . Overflow Damage 16 | . . 16 Projectiles . | . . . Explosions 16 | . . 16 Melee . | . . . Knockbacks 1 | . 1 . Impact . | . . . Kinetic 1 | . 1 . Secondary . | . . . Self-Inflicted Damage . | . . . Shots . | . . . Rammed . | . . . Targets Rammed 1 | . 1 . Kicked 1 | . 1 . Crushed . | . . . Highest Temperature 333 | . 333 63 Average Temperature 74 | . 80 27 Received Heat Transfer 300 | . 300 . Effects 1 | . 1 . Energy Bleed 1 | . 1 . Siege Activations . | . . . Robots Corrupted . | . . . Combat Hostiles . | . . . Parts Fried . | . . . Impact Corruptions . | . . . Robots Melted 1 | . 1 . Combat Hostiles 1 | . 1 . Parts Melted 7 | . 6 1 Heat Transferred 4144 | . 3552 592 Parts Sabotaged . | . . . Parts Stolen . | . . . Parts Stripped . | . . . Power Chain Reactions . | . . . Alert | -11 -10 -10 ------- Run | Yrd Mat Min Peak Influence 299 | . 299 281 Initial 116 | . . 116 Average 155 | . 143 196 Maximum Alert Level 1 | . 1 1 Low Security (%) 66 | 100 81 19 Level 1 33 | . 18 80 Level 2 . | . . . Level 3 . | . . . Level 4 . | . . . Level 5 . | . . . High Security . | . . . Max Security . | . . . Squads Dispatched 3 | . 3 . Investigation . | . . . Extermination . | . . . Reinforcement 3 | . 3 . Assault . | . . . Garrison . | . . . Intercept . | . . . Searches Triggered . | . . . Construction Impeded . | . . . Haulers Reinforced . | . . . Active Scanning Responses . | . . . Cargo Convoy Interrupts . | . . . Stealth | -11 -10 -10 --------- Run | Yrd Mat Min Distress Signals 2 | . 2 . Communications Jammed . | . . . Distress Signals . | . . . Times Spotted 45 | . 27 18 Peak Tracking Total 20 | . 5 20 Tactical Retreats . | . . . Traps | -11 -10 -10 ------- Run | Yrd Mat Min Traps Triggered . | . . . Indirectly . | . . . Trap Hack Attempts . | . . . Triggered . | . . . Disarmed . | . . . Reprogrammed . | . . . Reused . | . . . Traps Extracted . | . . . Installed . | . . . Triggered . | . . . Machines | -11 -10 -10 ---------- Run | Yrd Mat Min Machines Disabled . | . . . Max in Single Turn . | . . . Machines Repaired . | . . . Machines Dismantled . | . . . Machines Sabotaged . | . . . Overloaded Fab Kills . | . . . Hacking | -11 -10 -10 --------- Run | Yrd Mat Min Machines Accessed 3 | . 3 . Terminals 3 | . 3 . Fabricators . | . . . Repair Stations . | . . . Recycling Units . | . . . Scanalyzers . | . . . Garrison Access . | . . . Total Hacks 9 | . 9 . Successful 6 | . 6 . Failed 2 | . 2 . Catastrophic 1 | . 1 . Database Lockouts 1 | . 1 . Manual 8 | . 8 . Terminals 9 | . 9 . Fabricators . | . . . Repair Stations . | . . . Recycling Units . | . . . Scanalyzers . | . . . Garrison Access . | . . . Terminal Hacks 3 | . 3 . Robot Analysis 1 | . 1 . Prototype ID Bank 1 | . 1 . Branch Access Points 1 | . 1 . Fabricator Hacks . | . . . Repair Station Hacks . | . . . Recycling Unit Hacks . | . . . Scanalyzer . | . . . Garrison Access Hacks . | . . . Unauthorized Hacks 3 | . 3 . Terminals 3 | . 3 . Assimilate 1 | . 1 . Botnet 1 | . 1 . Operators 1 | . 1 . Fabricators . | . . . Repair Stations . | . . . Recycling Units . | . . . Scanalyzers . | . . . Garrison Access . | . . . Data Cores Recovered . | . . . Used . | . . . Hacking Detections 2 | . 2 . Full Trace Events . | . . . Feedback Events . | . . . Feedback Blocked . | . . . Robot Schematics Acquired . | . . . Robots Built . | . . . Authchips . | . . . Time . | . . . Total Robot Build Rating . | . . . Part Schematics Acquired . | . . . Parts Built . | . . . Authchips . | . . . Time . | . . . Total Part Build Rating . | . . . Parts Repaired . | . . . Time . | . . . Parts Recycled . | . . . Recycled Matter . | . . . Retrieved Matter . | . . . Retrieved Components . | . . . Parts Scanalyzed . | . . . Part Schematics Acquired . | . . . Parts Damaged . | . . . Bothacking | -11 -10 -10 ------------ Run | Yrd Mat Min Used RIF Installer . | . . . Robots Hacked . | . . . Non-combat . | . . . Combat . | . . . Robot Hacks Applied . | . . . Relay Couplers Released . | . . . Fabnet Peak Effective % . | . . . Robots Rewired . | . . . Allies Hacked . | . . . Hacks Repelled . | . . . Allies | -11 -10 -10 -------- Run | Yrd Mat Min Total Allies . | . . . Largest Group . | . . . Highest-Rated Group . | . . . Highest-Rated Ally . | . . . Total Orders . | . . . Ally Attacks . | . . . Total Damage . | . . . Kills . | . . . Allies Corrupted . | . . . Allies Melted . | . . . Intel | -11 -10 -10 ------- Run | Yrd Mat Min Robot Analysis Total 1 | . 1 . Derelict Logs Recovered . | . . . Drone Launches . | . . . Drone Recoveries . | . . . Exploration | -11 -10 -10 ------------- Run | Yrd Mat Min Turns Passed 906 | 3 688 215 Spaces Moved 440 | 3 412 25 Core . | . . . Treads . | . . . Legs 313 | 3 310 . Wheels 127 | . 102 25 Hover . | . . . Flight . | . . . Fastest Speed 80 | 120 80 90 Average Speed 110 | 120 111 90 Slowest Speed 120 | 120 120 90 Overloaded Moves . | . . . Propulsion Burnouts . | . . . Robots Hopped . | . . . Cave-ins Triggered . | . . . Exploration Rate (%) 24 | 2 59 11 Regions Visited 2 Branch Regions 1 Pre-discovered Areas . | . . . Known Exits Taken 1 | . 1 . Unknown Exits Taken 1 | 1 . . Scrap Searched . | . . . Spaces Dug . | . . . Terrain Destroyed 21 | . . 21 Melee . | . . . Projectile . | . . . AOE 21 | . . 21 Terrain Rammed . | . . . Walls Destroyed . | . . . Machines Disabled . | . . . Actions | -11 -10 -10 --------- Run | Yrd Mat Min Total 693 | 2 505 186 Wait 145 | . 6 139 Move 438 | 2 411 25 Hop . | . . . Pick Up 8 | . 8 . Fast Attach 2 | . 2 . Attach 3 | . 3 . Detach . | . . . Swap 10 | . 3 7 Drop 4 | . 4 . Fire 82 | . 67 15 Melee . | . . . Ram . | . . . Kick 1 | . 1 . Crush . | . . . Escape Stasis . | . . . Rewire . | . . . Trap . | . . . Miscellaneous . | . . . Route ------- -11/Scrapyard -10/Materials (discovered 3 exits: [*Mat] / *Min x2) -10/Mines History --------- Turn | Location | Event 1 | -11/Scrapyard | Discovered new exit (range 2) 4 | -11/Scrapyard | Entered Materials 24 | -10/Materials | Identified exit to Mines 24 | -10/Materials | Central database locked down 301 | -10/Materials | Build established: Mutant 565 | -10/Materials | Discovered new exit (range 10) 581 | -10/Materials | Lost 4 parts (1p2n1w) 644 | -10/Materials | Core integrity fell below 50% 692 | -10/Materials | Entered Mines 727 | -10/Mines | Assembled infested the area 759 | -10/Mines | Destroyed 17 combat bots 905 | -10/Mines | Core integrity fell below 20% 907 | -10/Mines | Destroyed by D-53 Grenadier with Mini Grenade Launcher Last Messages --------------- 00727_ R-06 Scavenger collects Lgt. Assault Rifle. 00731_ as-08668 destroyed. 00731_ as-95692 destroyed. 00731_ as-98200 destroyed. 00731_ as-74792 destroyed. 00734_ as-01948 destroyed. 00734_ as-03340 destroyed. 00734_ R-06 Scavenger destroyed. 00734_ as-66869 destroyed. 00736_ as-69549 destroyed. 00738_ as-93753 destroyed. 00746_ Acquired 18 matter. 00778_ R-06 Scavenger collects Flight Unit. 00897_ Acquired 1 matter. 00897_ U-05 Engineer lays Concrete. 00898_ U-05 Engineer builds a Wall. 00904_ S-10 Pest destroyed. 00904_ Destroyed Flight Unit. 00904_ U-05 Engineer lays Concrete. 00906_ S-10 Pest destroyed. Map ----- +----------------------------------------------------+ | ?????????????????????????????????????????????????? | | ?????????????????????????????????????????????????? | | ?????????????????????????????????????????????????? | | ?????????????????????????????????????????????????? | | ?????????????????????????????????????????????????? | | ?????????????????????????????????????????????????? | | ?????????????????????????????????????????????????? | | ?????????????????????????????????????????????????? | | ?????????????????????????????????????????????????? | | ?????????????????????????????????????????????????? | | ?????????????????????????????????????????????????? | | ?????????????????????????????????????????????????? | | ?????????????????????????????????????????????????? | | ?????????????????????????????????????????????????? | | ?????????????????????????????????????????????????? | | ???????????????##????????????????????????????????? | | ?????????????### ???????????????????????????????? | | ?????????????# ??????????????????????????????? | | ????????????## ???####??????????????????????? | | ???????????? * ??# ??????????????????????? | | ???????????? ### %#?######???????????????? | | ????????????? dd ### #???????????????? | | ???????????????# #####???????????? | | ??????????????? # ## ##??????????? | | ?????????????? ##u #??????????? | | ?????????????? # @ # % #??????????? | | ?????????? ### #??????????? | | ?????????? < u # #?## ##??????????? | | ??????????? $ ?## ##???????????? | | ??????????? ? ##### #####????????????? | | ???????????? ? ###% #?????#????????????????? | | ???????????? ?? ##??# #??????????????????????? | | ????????????????? ?????# #??????????????????????? | | ??????????????? ??????# #??????????????????????? | | ??????????????##???????# ???????????????????????? | | ???????????????????????# ???????????????????????? | | ???????????????????????###???????????????????????? | | ?????????????????????????????????????????????????? | | ?????????????????????????????????????????????????? | | ?????????????????????????????????????????????????? | | ?????????????????????????????????????????????????? | | ?????????????????????????????????????????????????? | | ?????????????????????????????????????????????????? | | ?????????????????????????????????????????????????? | | ?????????????????????????????????????????????????? | | | | | | | | | | | +----------------------------------------------------+ Best States ------------- Heat Dissipation 35 Energy Generation 10 Energy Capacity 250 Matter Stores 300 Matter Capacity 300 Sight Range 16 Robot Scan Range 14 Terrain Scan Density 10 Evasion (%) 55 Item Schematics ----------------- None Robot Schematics ------------------ None Fabricated ------------ Nothing Alien Tech Used ----------------- None Achievements -------------- None Challenges ------------ None Game ------ Seed ServoMachineTelecube Manual? 0 Play Time 00:07:41 Cumulative 951.5 hours Start 2024.09.28 @ 23:15:09 End 2024.09.29 @ 12:05:16 Sessions 3 Manual Loads 0 Difficulty Rogue Special Mode None Game No. 1164 Rogue 884 Adventurer 124 Explorer 156 Win Type - Total 41 Types 28/0/8/3/1/0/0/1/0 Lore% 83 Gallery% 90 Achievement% 78 Wizard Run 0 Options --------- Layout 0 ASCII 0 Keyboard 1 Movement Numpad Keybinds 0 Fullscreen 2 Font 18/X11 Map View 76x50 Zoom Use 0% Tactical HUD 1 Map Filters NONE Filters NONE Steam 1 RUN: c4185ffe-82c0-45da-b627-c502e85ea8ff